 Dungeon Crawl Stone Soup version 0.29.1-1-gd02db6906a (webtiles) character file.

Game seed: 14813241292452281864

42 RogueRain17 the Chopper (level 3, 0/31 HPs)
             Began as a Gnoll Wanderer on Sept 21, 2022.
             Slain by Sigmund
             ... wielding a +0 scythe
              (8 damage)
             ... on level 2 of the Dungeon.
             The game lasted 00:03:53 (1255 turns).

RogueRain17 the Chopper (Gnoll Wanderer)            Turns: 1255, Time: 00:03:54

Health: 0/31       AC: 11    Str: 11    XL:     3   Next: 56%
Magic:  4/4        EV:  5    Int: 12    God:
Gold:   95         SH:  4    Dex: 12    Spells: 3/3 levels left

rFire   + . .      SeeInvis .   a - +0 war axe
rCold   . . .      Faith    .   c - +0 buckler
rNeg    . . .      Spirit   .   g - +2 chain mail {rF+}
rPois   .          Reflect  .   (no helmet)
rElec   .          Harm     .   (no cloak)
rCorr   .          Rampage  .   (no gloves)
Will    .....                   (no boots)
Stlth   ..........              (no amulet)
HPRegen 0.10/turn               (no ring)
MPRegen 0.09/turn               (no ring)

@: on berserk cooldown, hasted and slowed
A: fangs 1, strong nose, distributed training
a: no special abilities


You were on level 2 of the Dungeon.
You visited 1 branch of the dungeon, and saw 2 of its levels.

You collected 95 gold pieces.

Inventory:

Hand Weapons
 a - a +0 war axe (weapon)
 b - a +0 mace
Armour
 c - a +0 buckler (worn)
 e - a +0 leather armour
 g - a +2 chain mail of fire resistance (worn)
Jewellery
 p - a ring of fire
Scrolls
 f - a scroll of silence {unknown}
 h - a scroll of acquirement {unknown}
 i - 2 scrolls of identify {unknown}
 j - a scroll of enchant armour {unknown}
 k - 2 scrolls of fear {unknown}
Potions
 m - a potion of berserk rage
 n - a potion of might {unknown}
 o - a potion of mutation {unknown}
 q - 2 potions of lignification {unknown}


   Skills:
 + Level 4.5 Fighting
 + Level 0.9 Short Blades
 + Level 0.9 Long Blades
 + Level 6.5 Axes
 + Level 2.6 Maces & Flails
 + Level 0.9 Polearms
 + Level 0.9 Staves
 + Level 0.9 Ranged Weapons
 + Level 0.9 Throwing
 + Level 4.5 Armour
 + Level 2.6 Dodging
 + Level 0.9 Stealth
 + Level 2.6 Shields
 + Level 0.9 Unarmed Combat
 + Level 0.9 Spellcasting
 + Level 0.6 Conjurations
 + Level 0.6 Hexes
 + Level 0.6 Summonings
 + Level 0.6 Necromancy
 + Level 0.6 Translocations
 + Level 0.6 Transmutations
 + Level 0.6 Fire Magic
 + Level 0.6 Ice Magic
 + Level 0.6 Air Magic
 + Level 0.6 Earth Magic
 + Level 0.6 Poison Magic
 + Level 1.0 Invocations
 + Level 0.9 Evocations


You had 3 spell levels left.
You didn't know any spells.
Your spell library contained the following spells:

 Spells                   Type           Power      Damage    Failure   Level
 Summon Small Mammal      Summ           8%         N/A       100%        1
 Call Canine Familiar     Summ           2%         N/A       100%        3
 Dazzling Flash           Conj/Hex       4%         N/A       100%        3
 Portal Projectile        Hex/Tloc       4%         N/A       100%        3
 Summon Guardian Golem    Hex/Summ       2%         N/A       100%        3
 Tukima's Dance           Hex            2%         N/A       100%        3
 Leda's Liquefaction      Hex/Erth       1%         N/A       100%        4
 Passage of Golubria      Tloc           2%         N/A       100%        4
 Agony                    Necr           2%         N/A       100%        5
 Silence                  Hex/Air        1%         N/A       100%        5
 Yara's Violent Unravell  Hex/Tmut       1%         3d3       100%        5


Dungeon Overview and Level Annotations

Branches:
Dungeon (2/15)

Altars:

Annotations:
D:2 Sigmund


Innate Abilities, Weirdness & Mutations

You have very sharp teeth.
Your uncanny sense of smell can sniff out nearby items.
Your experience applies equally to all skills.


Message History

Deactivating autopickup; reactivate with Ctrl-A.
Something hits you. Something hits you but does no damage.
You see here a scroll labelled FAFE ZENEU.
You hear some strange, mumbled words.
You are more confused.
You're too confused to move!
You see here a scroll labelled FAFE ZENEU.
You hear some strange, mumbled words.
Something tries to affect you, but you resist.
It was a potion of magic.
Magic courses through your body.
It was a potion of berserk rage.
A red film seems to cover your vision as you go berserk!
You feel yourself moving faster!
You feel mighty!
Unknown command.
You are too berserk!
You feel a strong urge to attack something.
Something hits you but does no damage.
You're too confused to move!
You feel your anger nearly subside. Something hits you!
You barely miss something. Your bite misses something.
You completely miss something. Your bite misses something.
You feel less confused. Something hits you but does no damage.
You hit something.
You are no longer berserk.
You are exhausted.
You feel yourself slow down.
You miss something. Something hits you but does no damage.
You hit something but do no damage. Your bite misses something.
Something hits you but does no damage.
You completely miss something. Something hits you!
* * * LOW HITPOINT WARNING * * *
You hit something. You barely miss something.
You hear some strange, mumbled words.
Something tries to affect you, but you resist.
Something hits you!
You die...

###### ########......# .....#
#.............# ##
.[...####.............# #.
.......##............ #.
.......##........... ###.
..................##### #...
#.......#.............########.##
.......<........@{)...........>#
#....####.......?......#######.#
#....# #$.............#######.##
.....# #........................
..#### #.............########.##
..## ###########....# #.# ...##
#...# #...... ###.# ....####...#
#.......###...# ..#........#
#.......#(..###


There were no monsters in sight!

Vanquished Creatures
  An adder (D:2)
  3 endoplasms
  A giant cockroach (D:1)
  4 goblins
  3 hobgoblins (D:1)
  6 kobolds
  3 quokkas
  5 ball pythons (D:1)
  A frilled lizard (D:1)
  2 rats (D:1)
29 creatures vanquished.

Notes
Turn   | Place    | Note
-------+----------+-------------------------------------------
     0 | D:1      | RogueRain17 the Gnoll Wanderer began the quest for the Orb.
     0 | D:1      | RogueRain17 set off with the following items: a +0 war axe,
                  | a +0 mace, a +0 buckler, a potion of haste, a +0 leather
                  | armour.
     0 | D:1      | Reached XP level 1. HP: 20/20 MP: 1/1
   205 | D:1      | Reached XP level 2. HP: 26/26 MP: 2/2
   653 | D:1      | Reached XP level 3. HP: 31/31 MP: 3/3
   765 | D:1      | Found a faded altar of an unknown god.
   982 | D:2      | Noticed Sigmund
  1050 | D:2      | Reached skill level 1 in Invocations
  1255 | D:2      | Slain by Sigmund

Illustrated notes

Levels and vault maps discovered:
D:1:      dpeg_arrival_oval, layout_basic, dilly_ecumenical_altar_fadedgnrine,
          minmay_close_crescents
D:2:      layout_basic, uniq_sigmund

Skill      XL: |  1  2  3 |
---------------+----------+-----
Invocations    | 1 |  1.0
Fighting       | |  4.5
Short Blades   | |  0.9
Long Blades    | |  0.9
Axes           | |  6.5
Maces & Flails | |  2.6
Polearms       | |  0.9
Staves         | |  0.9
Ranged Weapons | |  0.9
Throwing       | |  0.9
Armour         | |  4.5
Dodging        | |  2.6
Stealth        | |  0.9
Shields        | |  2.6
Unarmed Combat | |  0.9
Spellcasting   | |  0.9
Conjurations   | |  0.6
Hexes          | |  0.6
Summonings     | |  0.6
Necromancy     | |  0.6
Translocations | |  0.6
Transmutations | |  0.6
Fire Magic     | |  0.6
Ice Magic      | |  0.6
Air Magic      | |  0.6
Earth Magic    | |  0.6
Poison Magic   | |  0.6
Evocations     | |  0.9

Action                   || total
-------------------------++-------
Melee: War axe           ||    91
       Bite              ||     4
  Use: Potion            ||     3
Armor: Chain mail        ||    62
Dodge: Dodged            ||    18
Block: Buckler           ||    17
